 Dungeon Crawl Stone Soup version 0.29.0-11-gd7f09526c8 (webtiles) character file.

Game seed: 6987545898895497802

350 sanka the Ducker (level 6, -10/46 HPs)
             Began as a Djinni Artificer on Sept 4, 2022.
             Was a Follower of Makhleb.
             Mangled by an ogre
             ... wielding a +0 giant spiked club
              (30 damage)
             ... on level 4 of the Dungeon.
             The game lasted 00:06:57 (4526 turns).

sanka the Ducker (Djinni Artificer)                 Turns: 4526, Time: 00:06:57

Health: -10/46     AC:  3    Str: 11    XL:     6   Next: 92%
Gold:   183        EV: 13    Int: 14    God:    Makhleb [*.....] SH:  5 Dex: 14

rFire   + + .      SeeInvis .   a - +0 flail
rCold   x . .      Faith    .   (no shield)
rNeg    . . .      Spirit   .   u - +0 robe
rPois   ∞          Reflect  +   (no helmet)
rElec   .          Harm     .   (no cloak)
rCorr   .          Rampage  .   l - +0 pair of gloves
Will    .....                   (boots unavailable)
Stlth   ++........              i - amulet of reflection
HPRegen 0.15/turn               (no ring)
MPRegen 0.00/turn               (no ring)

@: flying
A: sickness immunity, fire resistance 2, cold vulnerability 1, float, innate
caster, HP casting, extra vitality 1
a: Renounce Religion


You were on level 4 of the Dungeon.
You worshipped Makhleb.
Makhleb was aware of your devotion.
You visited 1 branch of the dungeon, and saw 4 of its levels.
You also visited: Sewer.

You collected 183 gold pieces.


Innate Abilities, Weirdness & Mutations

You are immune to sickness and miasma.
You are immune to poison.
Your flesh is very heat resistant. (rF++)
You are vulnerable to cold. (rC-)
You float through the air rather than walking.
You learn spells naturally, not from books.
Your magical power is your life essence.
You have superior vitality. (+4 MHP)


   Skills:
 - Level 3.0 Fighting
 - Level 1.0 Armour
 - Level 3.8 Dodging
 - Level 0.7 Stealth
 + Level 3.6 Spellcasting
 - Level 3.0 Evocations


You had 9 spell levels left.
You knew the following spells:

 Your Spells              Type           Power      Damage    Failure   Level
x - Searing Ray           Conj           24%        2d5       7%          2
z - Shock                 Conj/Air       48%        1d6       4%          1
Your spell library was empty.

Inventory:

Hand Weapons
 a - a +0 flail (weapon)
 f - a +0 spear
 q - a +0 falchion
Missiles
 s - a throwing net {=f}
Armour
 b - a +0 leather armour
 l - a +0 pair of gloves (worn)
 p - a +0 tower shield
 u - a +0 robe (worn)
Jewellery
 i - an amulet of reflection (around neck)
Wands
 d - a wand of charming (13)
 e - a wand of iceblast (5)
 v - a wand of polymorph (6)
Scrolls
 g - 3 scrolls of blinking {unknown}
 j - a scroll of amnesia {unknown}
 k - 4 scrolls of identify {unknown}
 m - a scroll of enchant armour {unknown}
 r - a scroll of poison {unknown}
 t - a scroll of vulnerability {unknown}
 w - a scroll of acquirement {unknown}
 x - 2 scrolls of noise {!r}
 y - a scroll of magic mapping {unknown}
 z - a scroll of teleportation {unknown}
 A - a scroll of enchant weapon {unknown}
Potions
 c - a potion of curing {@q1}
 h - a potion of heal wounds {unknown}
 n - a potion of mutation {unknown}
 o - a potion of haste {unknown}

Dungeon Overview and Level Annotations

Branches:
Dungeon (4/15)              Sewer (visited)
 Temple: D:4-7

Altars:
Makhleb
Nemelex Xobeh

........O.....................
▒▒▒▒▒.....▒.........▒....▒▒.▒▒
...▒▒▒▒▒▒▒▒'▒.........▒....▒▒.▒
................▒▒.▒▒.▒▒▒.....▒
<..▒▒▒▒▒...........▒▒+▒▒▒.....▒
▒................<...▒.....▒▒
.....▒▒.▒.▒.............+.......
... ▒.▒.▒▒▒▒▒▒........▒....▒▒▒ .
▒.▒.....OR....▒▒▒▒▒....▒▒▒
▒.▒▒▒▒▒▒▒▒▒▒▒.▒ ▒▒..▒...
.▒▒.............▒▒▒▒▒▒.>▒.▒▒
▒...........▒▒▒▒▒▒▒......▒.▒
▒▒▒▒▒▒▒▒▒▒▒▒▒.........▒...▒....▒
............▒....▒▒▒▒.▒~~÷▒▒▒▒▒▒
▒▒▒▒▒▒▒▒▒.▒▒▒....▒..▒.▒~÷~▒
▒▒▒▒▒.▒.▒.............▒~~~▒
......▒........▒▒▒▒▒▒.▒~~~▒


You could see an ogre.


Message History

The zap hits the ogre.
The ogre is heavily wounded.
The zap hits the ogre.
The ogre is heavily wounded.
The ogre attacks as you move away!
The ogre hits you with a +0 giant spiked club!!
* * * LOW HITPOINT WARNING * * *
The ogre attacks as you move away! The ogre barely misses you.
There is an open door here.
Aiming: Shock (safe; 4% risk of failure)
The zap hits the ogre.
The ogre is severely wounded.
The zap hits the ogre.
The ogre is severely wounded.
* * * LOW HITPOINT WARNING * * *
The ogre attacks as you move away! You block the ogre's attack.
The ogre attacks as you move away! You block the ogre's attack.
Aiming: Shock (safe; 4% risk of failure)
The zap hits the ogre.
The ogre is severely wounded.
The zap hits the ogre.
The ogre is almost dead.
* * * LOW HITPOINT WARNING * * *
The ogre attacks as you move away!
The ogre hits you with a +0 giant spiked club!!
Ouch! That really hurt!
You die...

Action                   |  1- 3 |  4- 6 || total
-------------------------+-------+-------++-------
Melee: Spear             |   116 |    32 ||   148
       Falchion          |       |    52 ||    52
       Punch             |       |     1 ||     1
 Cast: Shock             |       |   102 ||   102
       Searing Ray       |       |     9 ||     9
Evoke: Wand              |       |    17 ||    17
 Stab: Sleeping          |     3 |     3 ||     6
       Distracted        |     1 |       ||     1
Armor: Leather armour    |    10 |    23 ||    33
       Robe              |       |    10 ||    10
Dodge: Dodged            |    55 |    69 ||   124
Block: Other             |    15 |    20 ||    35

Levels and vault maps discovered:
D:1:      dpeg_arrival_connections, layout_basic, minmay_misc_feat_cross
D:2:      layout_basic, basic_altar
D:3:      layout_loops_ring, makhleb_altar_promises_db,
          ebering_ecumenical_altar_sacrificial, uniq_natasha
D:4:      layout_basic, portal_sewer_entry_f

Notes
Turn   | Place    | Note
-------+----------+-------------------------------------------
     0 | D:1      | sanka the Djinni Artificer began the quest for the Orb.
     0 | D:1      | Reached XP level 1. HP: 17/17 MP: 0/0
    97 | D:1      | Reached XP level 2. HP: 22/22 MP: 0/0
   394 | D:1      | Reached skill level 2 in Fighting
   398 | D:1      | Reached skill level 3 in Dodging
   398 | D:1      | Reached XP level 3. HP: 28/28 MP: 0/0
   398 | D:1      | Learned a level 1 spell: Shock
   407 | D:1      | You are sucked into a shaft and drop 1 floor!
   955 | D:2      | Reached XP level 4. HP: 34/34 MP: 0/0
   988 | D:2      | Found a sparkling altar of Nemelex Xobeh.
  1568 | D:3      | Noticed Natasha
  1573 | D:3      | Killed Natasha
  1574 | D:3      | Reached skill level 3 in Fighting
  1824 | D:3      | Reached XP level 5. HP: 40/40 MP: 0/0
  1824 | D:3      | Learned a level 2 spell: Searing Ray
  1833 | D:3      | Reached skill level 1 in Spellcasting
  1884 | D:3      | Noticed Natasha
  1890 | D:3      | Killed Natasha
  1995 | D:3      | Reached skill level 2 in Spellcasting
  2008 | D:3      | Noticed Natasha
  2323 | D:3      | Found a burning altar of Makhleb.
  2378 | D:3      | Found a faded altar of an unknown god.
  2395 | D:3      | Noticed a green death
  2399 | D:3      | Noticed a neqoxec
  2399 | D:3      | Noticed a neqoxec
  2401 | D:3      | Became a worshipper of Makhleb the Destroyer
  2456 | D:3      | Killed Natasha
  2457 | D:3      | Reached XP level 6. HP: 43/46 MP: 0/0
  2828 | D:4      | Found a glowing drain.
  2847 | Sewer    | Entered a sewer
  3356 | Sewer    | Reached skill level 3 in Spellcasting
  3712 | Sewer    | Reached * piety under Makhleb
  4505 | D:4      | Noticed an ogre
  4526 | D:4      | Mangled by an ogre

Vanquished Creatures
  An orc wizard (D:3)
  Natasha (thrice) (D:3)
  A gnoll (D:3)
  5 river rats (Sewer)
  8 adders
  3 worms (Sewer)
  2 dart slugs
  4 orcs
  9 ball pythons
  7 endoplasms
  6 giant cockroaches
  5 goblins
  8 hobgoblins
  3 jackals (Sewer)
  8 kobolds
  4 quokkas
  8 bats
  7 frilled lizards
  8 rats
100 creatures vanquished.

Vanquished Creatures (collateral kills)
  2 gnolls (D:3)
  A kobold (D:3)
3 creatures vanquished.

Grand Total: 103 creatures vanquished
